 Dungeon Crawl Stone Soup version 0.29.0-15-g675c0067aa (webtiles) character file.

Game seed: 7192681089437276793

113673 qw the Peltast (level 16, -2/104 HPs)
             Began as a Gargoyle Fighter on Sept 12, 2022.
             Was a High Priest of Okawaru.
             Killed by divine providence
             ... invoked by an orc priest
              (13 damage)
             ... on level 2 of the Orcish Mines.
             The game lasted 00:11:00 (25126 turns).

qw the Peltast (Gargoyle Fighter)                  Turns: 25126, Time: 00:11:01

Health: -2/104     AC: 48    Str: 24    XL:     16   Next: 63%
Magic:  23/23      EV:  9    Int:  9    God:    Okawaru [*****.]
Gold:   263        SH: 30    Dex:  9    Spells: 15/15 levels left

rFire   . . .      SeeInvis .   q - +7 war axe "Esojio" {vorpal, Contam *Noise +Blink rPois}
rCold   + . .      Faith    .   j - +5 tower shield of Orthodoxy {rCorr}
rNeg    + . .      Spirit   .   w - +0 plate armour
rPois   inf        Reflect  +   f - +2 helmet
rElec   +          Harm     .   u - +1 cloak
rCorr   +          Rampage  .   y - +2 pair of gloves {hurl}
Will    +....                   e - +2 pair of boots
Stlth   ..........              G - amulet of reflection
HPRegen 0.00/turn               F - +4 ring of protection
MPRegen 0.18/turn               c - ring of protection from cold

@: about to teleport, heroic, flying, inhibited regen, unable to drink
A: sickness immunity, AC +12, big wings, negative energy resistance 1,
electricity resistance, torment resistance 1, petrification resistance, claws 1,
dopey 1, shaggy fur 1, inhibited regeneration, weak 1, inability to drink after
injury 1
a: Renounce Religion, Evoke Blink, Heroism, Finesse, Duel


You were on level 2 of the Orcish Mines.
You worshipped Okawaru.
Okawaru was extremely pleased with you.
You visited 4 branches of the dungeon, and saw 23 of its levels.
You visited the Abyss 2 times.
You also visited: Gauntlet.

You collected 2634 gold pieces.
You spent 2371 gold pieces at shops.


Innate Abilities, Weirdness & Mutations

You are immune to sickness and miasma.
Your stone body is resilient. (AC +12)
You are immune to poison.
Your large and strong wings let you fly.
You resist negative energy. (rN+)
You are resistant to electric shocks. (rElec)
You are resistant to unholy torment.
You are immune to petrification.
You have sharp fingernails.
You are dopey. (Int -2)
You are covered in fur. (AC +1)
You do not regenerate when monsters are visible.
You are weak. (Str -2)
You occasionally lose the ability to drink potions when taking damage.


   Skills:
 - Level 13.4(18.4) Fighting
 + Level 15.7(20.7) Axes
 - Level 6.0(11.0) Throwing
 - Level 12.0(17.0) Armour
 - Level 3.0(8.0) Dodging
 - Level 16.3(21.3) Shields
 - Level 10.0 Invocations


You had 15 spell levels left.
You didn't know any spells.
Your spell library was empty.

Inventory:

Hand Weapons
 q - the +7 war axe "Esojio" (weapon) {vorpal, Contam *Noise +Blink rPois}
   (You found it on level 7 of the Dungeon)

   It inflicts extra damage upon your enemies.
   rPois:     It protects you from poison.
   +Blink:    It lets you blink.
   *Noise:    It may make noises in combat.
   Contam:    It causes magical contamination when unequipped.
 t - a +1 war axe of flaming
Missiles
 k - 6 boomerangs
 D - 4 javelins (quivered)
Armour
 e - a +2 pair of boots (worn)
 f - a +2 helmet (worn)
 j - the +5 tower shield of Orthodoxy (worn) {rCorr}
   (Okawaru gifted it to you on level 3 of the Lair of Beasts)

   rCorr:     It protects you from acid and corrosion.
 u - a +1 cloak (worn)
 v - +0 fire dragon scales
 w - a +0 plate armour (worn)
 y - a +2 pair of gloves of hurling (worn)
Jewellery
 b - a ring of protection from cold
 c - a ring of protection from cold (right hand)
 n - a +6 ring of dexterity
 z - a ring of resist corrosion
 F - a +4 ring of protection (left hand)
 G - an amulet of reflection (around neck)
 H - the ring of the Traitor {Fire rElec rPois rN++ Dex-2}
   (You bought it in a shop on level 11 of the Dungeon)

   [ring of fire]

   It enhances your fire magic.
   Dex:       It affects your dexterity (-2).
   rF:        It protects you from fire.
   rC:        It makes you vulnerable to cold.
   rElec:     It insulates you from electricity.
   rPois:     It protects you from poison.
   rN:        It greatly protects you from negative energy.
Wands
 p - a wand of digging (2)
Scrolls
 g - 4 scrolls of blinking
 l - 14 scrolls of identify
 x - 4 scrolls of enchant weapon
 B - 2 scrolls of brand weapon
Potions
 a - 5 potions of lignification
 d - 4 potions of might
 i - 3 potions of attraction
 m - 5 potions of curing
 r - 2 potions of haste
 s - 2 potions of magic
 A - 2 potions of cancellation
 C - a potion of resistance

Dungeon Overview and Level Annotations

Branches:
Dungeon (15/15)            Temple (1/1) D:5            Lair (5/5) D:8
 Shoals (0/4) Lair:2        Snake (0/4) Lair:3        Slime (0/5) Lair:4
    Orc (2/2) D:10         Vaults (0/5) D:13         Depths (0/4) D:15
Gauntlet (visited)
    Elf: Orc:2

Altars:
Ashenzari
Cheibriados
Dithmenos
Elyvilon
Fedhas
Gozag
Hepliaklqana
Kikubaaqudgha
Makhleb
Nemelex Xobeh
Okawaru
Qazlal
Ru
Sif Muna
Trog
Uskayaw
Vehumet
Wu Jian
Xom
Yredelemnul
Zin
The Shining One
Jiyva

Shops:
D:5 (   D:8 =   D:9 :   D:11 ([(=   D:12 [   D:14 *[?(?

Portals:
Trove: D:12 (lose all piety)

Annotations:
D:3 1 runed translucent door, qw's ghost, amateur GrFi
D:10 2 transporters
D:11 3 runed translucent doors
D:13 1 runed translucent door


Message History

You block the warg's attack. You block the orc high priest's attack.
You barely miss the orc warrior. You barely miss the warg.
You block the warg's attack.
A gnoll comes into view. It is wielding a +0 flail.
You block the orc high priest's attack.
You slash the warg!
The warg is moderately wounded.
You hit the orc warrior. You block the warg's attack.
You closely miss the warg.
The warg is moderately wounded.
You hit the orc warrior. You block the orc warrior's attack.
The orc high priest calls down the wrath of Beogh upon you.
Beogh smites you!
You feel threatened and lose the ability to drink potions!
You block the warg's attack.
You slice the warg!!
You kill the warg!
Okawaru accepts your kill.
You hit the orc but do no damage. You hit the orc warrior.
Your surroundings suddenly seem different.
An orc warrior and an orc come into view.
Found 24 gold pieces.
Found a stone staircase leading up.
The orc warrior shouts!
The orc shouts!
An orc priest comes into view. It is wielding a +0 dagger.
Enter note:
Enter note:
25124 ||| READING scroll of teleportation.
As you read the scroll of teleportation, it crumbles to dust.
You feel strangely unstable.
The orc priest shouts!
An orc comes into view. It is wielding a +0 whip.
An orc priest comes into view. It is wielding a +0 trident.
The orc shouts!
You block the orc warrior's attack.
An orc warrior comes into view. It is wielding a +0 war axe.
The orc priest calls down the wrath of Beogh upon you.
Beogh smites you!
You die...

## ......#
#.##......#
###.........
#...o......
###....o..#
##..$....o#
.......oo# #
#.....@###<#..
##........<....
#..#........o
## #.........
#.......##
###.....#
#.....# #...###
####<..#


You could see 2 orc warriors, 2 orc priests and 2 orcs.

Vanquished Creatures
  A bone dragon (Abyss:3)
  A lich (Abyss:3)
  3 tentacled starspawn (Abyss:3)
  A draconian scorcher (Abyss:3)
  A cacodemon (Abyss:3)
  2 stone giants
  A reaper (Abyss:3)
  7 very ugly things
  Nessos (D:14)
  Azrael (D:14)
  A minotaur (Gauntlet)
  2 fire dragons
  A rakshasa (D:14)
  Fannar (Lair:1)
  2 vault guards (D:13)
  2 boulder beetles
  3 hydras
  5 catoblepae
  An ogre mage (D:13)
  An alligator (shapeshifter) (D:15)
  3 two-headed ogres
  A dancing weapon (Abyss:3)
  3 centaur warriors
  6 death yaks (Lair:5)
  3 tengu warriors
  3 orc high priests (Orc:2)
  3 thrashing horrors (Abyss:3)
  A deep troll earth mage (D:13)
  Sonja (D:12)
  A wretched star (Abyss:3)
  5 skeletal warriors (D:11)
  Lodul (D:12)
  A sixfirhy (Gauntlet)
  A shadow wraith (D:15)
  Pikel (D:4)
  2 deep trolls (D:15)
  An orc knight (D:13)
  4 large abominations (Abyss:3)
  2 wizards (D:13)
  4 necromancers
  A deep elf pyromancer (D:15)
  5 cyclopes
  2 manticores (Lair:5)
  18 ugly things
  A merfolk siren (Lair:2)
  A black mamba (Lair:5)
  Maurice (D:12)
  4 elephants (Lair:4)
  4 gargoyles
  A torpor snail (Lair:2)
  An unseen horror (D:10)
  A demonic crawler (Abyss:3)
  14 cane toads
  7 rime drakes
  3 hellwings (Abyss:3)
  An efreet (D:13)
  An ancient zyme (Abyss:3)
  6 komodo dragons
  A tengu conjurer (D:15)
  5 trolls
  3 meliai
  4 polar bears (Lair:3)
  13 slime creatures
  11 blink frogs
  A raiju (Abyss:3)
  6 dream sheep (Lair:4)
  2 shadows
  6 wyverns (Lair:4)
  A vampire (D:13)
  4 basilisks
  A wraith (D:10)
  2 ynoxinuls (Abyss:3)
  55 yaks
  2 fire elementals (D:14)
  17 humans (D:13)
  6 vampire mosquitoes
  2 steam dragons
  2 neqoxecs (Abyss:3)
  4 wargs (Orc:2)
  4 acid dragons
  A naga (Lair:3)
  4 hell hounds (D:14)
  17 water moccasins
  7 orc warriors
  A sky beast (D:6)
  3 black bears
  13 ogres
  9 wolves (Lair:3)
  7 centaurs
  A lemure (D:4)
  A small abomination (D:13)
  7 bullfrogs
  A gnoll sergeant (D:10)
  A kobold brigand (D:11)
  A necrophage (D:5)
  3 scorpions
  11 wights
  23 killer bees
  7 howler monkeys
  4 electric eels
  4 starcursed masses (Abyss:3)
  A quasit (D:7)
  4 jellies
  2 hounds
  24 orc priests
  A gnoll bouda (D:10)
  3 hell rats (Lair:4)
  3 iguanas (D:6)
  21 orc wizards
  5 gnolls (D:10)
  6 adders
  3 shadow imps
  3 white imps (D:7)
  3 ufetubi
  2 worms
  2 dart slugs
  82 orcs
  8 bats
  A bat zombie (D:9)
  15 endoplasms
  7 giant cockroaches
  8 hobgoblins
  11 jackals
  5 quokkas
  11 ball pythons
  3 frilled lizards
  7 goblins
  8 kobolds
  2 rats
  A rat zombie (D:9)
  A lurking horror (Abyss:3)
  6 starspawn tentacles (Abyss:3)
694 creatures vanquished.

Vanquished Creatures (others)
  A rakshasa (D:13)
  A small abomination (Abyss:3)
  An iguana (D:5)
  An orc wizard (D:10)
  3 demonic plants
  25 fungi
  86 plants
  3 starspawn tentacles (Abyss:3)
121 creatures vanquished.

Grand Total: 815 creatures vanquished

Notes
Turn   | Place    | Note
-------+----------+-------------------------------------------
     0 | D:1      | qw the Gargoyle Fighter began the quest for the Orb.
     0 | D:1      | Reached XP level 1. HP: 14/14 MP: 1/1
     0 | D:1      | 0 ||| qw: Version: 0.1-a-119-g272c26d
     0 | D:1      | 0 ||| qw: Game counter: 10746
     0 | D:1      | 0 ||| qw: Always use a shield: true
     0 | D:1      | 0 ||| qw: God list: Okawaru
     0 | D:1      | 0 ||| qw: Allow faded altars: false
     0 | D:1      | 0 ||| qw: Do Orc after D:15 true
     0 | D:1      | 0 ||| qw: Do second Lair branch before Depths: true
     0 | D:1      | 0 ||| qw: Lair rune preference: random
     0 | D:1      | 0 ||| qw: Plans: Normal, Zot, God:TSO, Crypt, Tomb, Pan,
                  | Slime, Hells, Zig, Abyss, Orb
     0 | D:1      | 0 ||| PLANNING D:1-11
   172 | D:1      | 172 ||| Stepping ~*~*~tactically~*~*~ (stealth).
   178 | D:1      | 178 ||| Stepping ~*~*~tactically~*~*~ (stealth).
   185 | D:1      | Reached XP level 2. HP: 19/19 MP: 2/2
   286 | D:1      | 286 ||| Stepping ~*~*~tactically~*~*~ (stealth).
   475 | D:1      | Reached skill level 3 in Axes
   476 | D:1      | 476 ||| Stepping ~*~*~tactically~*~*~ (stealth).
   477 | D:1      | 477 ||| Stepping ~*~*~tactically~*~*~ (stealth).
   482 | D:1      | Reached XP level 3. HP: 21/23 MP: 3/3
   719 | D:1      | Found a faded altar of an unknown god.
   770 | D:1      | 770 ||| DROPPING +0 club.
  1274 | D:1      | 1274 ||| UPGRADING to +0 pair of boots.
  1279 | D:1      | 1279 ||| UPGRADING to +0 helmet.
  1284 | D:1      | 1284 ||| READING scroll labelled UMODOWUMORR.
  1285 | D:1      | 1285 ||| READING 2 scrolls labelled CIUNI JUIX.
  1286 | D:1      | 1286 ||| READING scroll labelled PISANE HUIMP.
  1287 | D:1      | 1287 ||| DROPPING scroll of amnesia.
  1631 | D:2      | Reached XP level 4. HP: 18/28 MP: 4/4
  2452 | D:2      | 2452 ||| READING scroll labelled LUBLOK OWUATORPH.
  2553 | D:2      | 2553 ||| READING scroll labelled TIMEST HIOVO.
  2554 | D:2      | 2554 ||| READING scroll labelled BINIBU OSSOES.
  2555 | D:2      | 2555 ||| DRINKING 3 fizzy golden potions.
  2556 | D:2      | 2556 ||| READING 2 scrolls of identify.
  2556 | D:2      | 2556 ||| IDENTIFYING fuming yellow potion
  2557 | D:2      | 2557 ||| DROPPING potion of ambrosia.
  2558 | D:2      | 2558 ||| DROPPING 2 potions of brilliance.
  2682 | D:3      | 2682 ||| Stepping ~*~*~tactically~*~*~ (hiding).
  2695 | D:3      | Reached XP level 5. HP: 31/32 MP: 5/5
  2726 | D:3      | HP: 8/32 [something (2)]
  2732 | D:3      | HP: 6/32 [orc wizard/+0 dagger (1)]
  3104 | D:3      | 3104 ||| DROPPING +0 whip.
  3461 | D:3      | Found a runed translucent door.
  3466 | D:3      | Noticed qw's ghost (amateur GrFi)
  3495 | D:3      | Found a snail-covered altar of Cheibriados.
  3496 | D:3      | 3496 ||| UPGRADING to amulet of regeneration.
  3502 | D:3      | 3502 ||| READING scroll labelled LODINEPEHO.
  3503 | D:3      | 3503 ||| READING scroll labelled OTEVAMUBBA.
  3504 | D:3      | 3504 ||| Stepping randomly (stuck).
  3505 | D:3      | 3505 ||| Stepping randomly (stuck).
  3507 | D:3      | 3507 ||| Stepping randomly (stuck).
  3508 | D:3      | 3508 ||| Stepping randomly (stuck).
  3509 | D:3      | 3509 ||| Stepping randomly (stuck).
  3510 | D:3      | 3510 ||| Stepping randomly (stuck).
  3511 | D:3      | 3511 ||| Stepping randomly (stuck).
  3512 | D:3      | 3512 ||| Stepping randomly (stuck).
  3513 | D:3      | 3513 ||| Stepping randomly (stuck).
  3514 | D:3      | 3514 ||| Stepping randomly (stuck).
  3515 | D:3      | 3515 ||| Stepping randomly (stuck).
  3516 | D:3      | 3516 ||| Stepping randomly (stuck).
  3517 | D:3      | 3517 ||| Stepping randomly (stuck).
  3727 | D:3      | 3727 ||| DRINKING 3 sedimented red potions.
  3727 | D:3      | Gained mutation: You are dopey. (Int -2) [potion of
                  | mutation]
  3727 | D:3      | Gained mutation: You passively dampen the noise of your
                  | surroundings. [potion of mutation]
  3727 | D:3      | Gained mutation: You are agile. (Dex +4, Str/Int -1)
                  | [potion of mutation]
  3727 | D:3      | Gained mutation: You are covered in fur. (AC +1) [potion of
                  | mutation]
  3751 | D:4      | 3751 ||| STAIRDANCE
  3783 | D:3      | 3783 ||| UPGRADING to +0 chain mail.
  3793 | D:3      | 3793 ||| DROPPING +0 scale mail.
  3821 | D:4      | 3821 ||| STAIRDANCE
  3878 | D:4      | 3878 ||| DROPPING +2 mace of protection.
  3950 | D:4      | 3950 ||| Stepping ~*~*~tactically~*~*~ (hiding).
  3962 | D:4      | Reached skill level 1 in Dodging
  3971 | D:4      | Reached XP level 6. HP: 37/37 MP: 6/6
  3988 | D:4      | 3988 ||| Stepping ~*~*~tactically~*~*~ (stealth).
  3990 | D:4      | 3990 ||| Stepping ~*~*~tactically~*~*~ (stealth).
  3995 | D:4      | 3995 ||| Stepping ~*~*~tactically~*~*~ (stealth).
  4023 | D:4      | 4023 ||| Stepping ~*~*~tactically~*~*~ (stealth).
  4024 | D:4      | 4024 ||| Stepping ~*~*~tactically~*~*~ (stealth).
  4097 | D:4      | 4097 ||| READING scroll of enchant armour.
  4097 | D:4      | 4097 ||| ENCHANTING +0 helmet.
  4157 | D:4      | Found a broken altar of Ashenzari.
  4222 | D:4      | Found a white marble altar of Elyvilon.
  4234 | D:4      | Found a blossoming altar of Fedhas.
  4437 | D:4      | Noticed Pikel
  4437 | D:4      | 4437 ||| READING scroll labelled QIREUXTUEZ.
  4454 | D:4      | Killed Pikel
  4455 | D:4      | Reached XP level 7. HP: 22/43 MP: 7/7
  4701 | D:4      | 4701 ||| DRINKING 2 metallic pink potions.
  4770 | D:5      | Entered Level 5 of the Dungeon
  4811 | D:5      | 4811 ||| READING scroll of enchant weapon.
  4811 | D:5      | 4811 ||| ENCHANTING +1 war axe.
  4812 | D:5      | 4812 ||| Stepping ~*~*~tactically~*~*~ (hiding).
  4991 | D:5      | Found a staircase to the Ecumenical Temple.
  4992 | D:5      | 4992 ||| PLANNING TEMPLE
  5000 | Temple   | Entered the Ecumenical Temple
  5140 | Temple   | 5140 ||| PLANNING D:1-11
  5159 | Temple   | Became a worshipper of Warmaster Okawaru
  5247 | D:5      | Reached XP level 8. HP: 27/48 MP: 8/8
  5295 | D:5      | 5295 ||| Stepping ~*~*~tactically~*~*~ (stealth).
  5306 | D:5      | Reached skill level 1 in Throwing
  5422 | D:5      | Found Lusoaneng's Hydra Hut.
  5434 | D:5      | Noticed a six-headed hydra
  5438 | D:5      | 5438 ||| BUYING +1 war axe of flaming (199 gold).
  5438 | D:5      | Bought a +1 war axe of flaming for 199 gold pieces
  5438 | D:5      | 5438 ||| SWAPPING to +1 war axe of flaming.
  5439 | D:5      | 5439 ||| DROPPING +0 morningstar.
  5440 | D:5      | 5440 ||| DROPPING +2 war axe.
  5565 | D:5      | 5565 ||| Stepping ~*~*~tactically~*~*~ (hiding).
  5566 | D:5      | 5566 ||| Stepping ~*~*~tactically~*~*~ (hiding).
  5567 | D:5      | 5567 ||| Stepping ~*~*~tactically~*~*~ (stealth).
  5568 | D:5      | 5568 ||| Stepping ~*~*~tactically~*~*~ (hiding).
  5571 | D:5      | 5571 ||| Stepping ~*~*~tactically~*~*~ (stealth).
  5580 | D:5      | Reached * piety under Okawaru
  5647 | D:5      | Found an opulent altar of Gozag.
  5819 | D:5      | 5819 ||| Stepping ~*~*~tactically~*~*~ (hiding).
  6026 | D:5      | Noticed a yak
  6037 | D:5      | Killed a yak
  6038 | D:5      | Reached skill level 6 in Fighting
  6038 | D:5      | 6038 ||| INVOKING Heroism.
  6039 | D:5      | 6039 ||| INVOKING Heroism.
  6040 | D:5      | HP: 11/52 [orc warrior/+0 mace (10)]
  6043 | D:5      | Reached skill level 1 in Invocations
  6228 | D:5      | 6228 ||| UPGRADING to +0 cloak.
  6233 | D:5      | 6233 ||| UPGRADING to +0 fire dragon scales.
  6243 | D:5      | 6243 ||| DROPPING +0 chain mail.
  6244 | D:5      | 6244 ||| UPGRADING to +0 plate armour.
  6254 | D:5      | 6254 ||| READING 2 scrolls of identify.
  6254 | D:5      | 6254 ||| IDENTIFYING sapphire potion
  6255 | D:5      | 6255 ||| DROPPING potion of degeneration.
  6396 | D:6      | Reached XP level 9. HP: 54/56 MP: 10/10
  6432 | D:6      | Reached skill level 3 in Invocations
  6484 | D:6      | 6484 ||| INVOKING Heroism.
  6488 | D:6      | Reached ** piety under Okawaru
  6496 | D:6      | 6496 ||| Stepping ~*~*~tactically~*~*~ (stealth).
  6505 | D:6      | 6505 ||| INVOKING Heroism.
  6510 | D:6      | Reached skill level 6 in Armour
  6528 | D:6      | 6528 ||| Stepping ~*~*~tactically~*~*~ (hiding).
  6563 | D:6      | 6563 ||| Stepping ~*~*~tactically~*~*~ (hiding).
  6687 | D:6      | 6687 ||| INVOKING Heroism.
  6732 | D:6      | Found a shadowy altar of Dithmenos.
  6738 | D:6      | Identified the +1 leather armour of the Soldier {rF+ Int+2}
  6748 | D:6      | Found a hazy altar of Hepliaklqana.
  6836 | D:6      | Found a shimmering blue altar of Sif Muna.
  7013 | D:6      | You fall into a shaft and drop 3 floors!
  7013 | D:9      | Found an ornate altar of the Wu Jian Council.
  7030 | D:9      | 7030 ||| INVOKING Heroism.
  7041 | D:9      | Reached skill level 9 in Axes
  7239 | D:9      | 7239 ||| Stepping ~*~*~tactically~*~*~ (cloud).
  7242 | D:9      | 7242 ||| INVOKING Heroism.
  7251 | D:9      | Reached skill level 4 in Shields
  7278 | D:9      | 7278 ||| READING scroll labelled WOSUEV FUMIRCH.
  7290 | D:9      | 7290 ||| DRINKING 2 emerald potions.
  7291 | D:9      | 7291 ||| DRINKING 2 lumpy dark potions.
  7292 | D:9      | 7292 ||| DRINKING 2 pink potions.
  7293 | D:9      | 7293 ||| READING 4 scrolls of identify.
  7293 | D:9      | 7293 ||| IDENTIFYING blue potion
  7294 | D:9      | 7294 ||| READING 3 scrolls of identify.
  7294 | D:9      | 7294 ||| IDENTIFYING lumpy blue potion
  7295 | D:9      | 7295 ||| DRINKING potion of experience.
  7295 | D:9      | Reached XP level 10. HP: 73/73 MP: 13/13
  7296 | D:9      | 7296 ||| READING 2 scrolls of identify.
  7296 | D:9      | 7296 ||| IDENTIFYING sedimented brown potion
  7303 | D:9      | 7303 ||| Stepping ~*~*~tactically~*~*~ (stealth).
  7304 | D:9      | 7304 ||| Stepping ~*~*~tactically~*~*~ (stealth).
  7305 | D:9      | 7305 ||| Stepping ~*~*~tactically~*~*~ (stealth).
  7306 | D:9      | 7306 ||| Stepping ~*~*~tactically~*~*~ (stealth).
  7307 | D:9      | 7307 ||| Stepping ~*~*~tactically~*~*~ (stealth).
  7308 | D:9      | 7308 ||| Stepping ~*~*~tactically~*~*~ (stealth).
  7309 | D:9      | 7309 ||| Stepping ~*~*~tactically~*~*~ (stealth).
  7310 | D:9      | 7310 ||| INVOKING Heroism.
  7321 | D:9      | 7321 ||| DROPPING potion of flight.
  7339 | D:8      | 7339 ||| INVOKING Heroism.
  7347 | D:8      | Reached *** piety under Okawaru
  7350 | D:8      | Reached XP level 11. HP: 72/78 MP: 12/14
  7351 | D:8      | Received a gift from Okawaru
  7429 | D:8      | 7429 ||| INVOKING Heroism.
  7479 | D:8      | Found Ehamav's Jewellery Shop.
  7487 | D:8      | 7487 ||| SHOPLISTING +4 ring of evasion (432 gold, have
                  | 347).
  7487 | D:8      | 7487 ||| SHOPLISTING +6 ring of dexterity (432 gold, have
                  | 347).
  7487 | D:8      | 7487 ||| SHOPLISTING +6 ring of strength (432 gold, have
                  | 347).
  7487 | D:8      | 7487 ||| BUYING ring of positive energy (240 gold).
  7487 | D:8      | Bought a ring of positive energy for 240 gold pieces
  7487 | D:8      | 7487 ||| SHOPLISTING ring of see invisible (180 gold, have
                  | 107).
  7504 | D:8      | 7504 ||| UPGRADING to ring of positive energy.
  7505 | D:8      | 7505 ||| READING 2 scrolls of identify.
  7505 | D:8      | 7505 ||| IDENTIFYING glowing puce potion
  7506 | D:8      | 7506 ||| DROPPING potion of invisibility.
  7513 | D:8      | 7513 ||| INVOKING Heroism.
  7549 | D:7      | 7549 ||| INVOKING Heroism.
  7896 | D:7      | 7896 ||| Stepping ~*~*~tactically~*~*~ (stealth).
  7915 | D:7      | Identified the +7 war axe "Esojio" {vorpal, Contam *Noise
                  | +Blink rPois}
  7917 | D:7      | 7917 ||| SWAPPING to +7 war axe "Esojio" {vorpal, Contam
                  | *Noise +Blink rPois}.
  7952 | D:7      | 7952 ||| INVOKING Heroism.
  7989 | D:7      | Found a glowing golden altar of the Shining One.
  8031 | D:7      | 8031 ||| INVOKING Heroism.
  8133 | D:7      | 8133 ||| Stepping ~*~*~tactically~*~*~ (stealth).
  8224 | D:7      | Found a shimmering altar of Xom.
  8231 | D:7      | 8231 ||| Stepping ~*~*~tactically~*~*~ (hiding).
  8622 | D:7      | 8622 ||| Stepping ~*~*~tactically~*~*~ (cloud).
  8623 | D:7      | 8623 ||| Stepping ~*~*~tactically~*~*~ (cloud).
  8625 | D:7      | 8625 ||| INVOKING Heroism.
  8631 | D:7      | Reached skill level 3 in Throwing
  8882 | D:7      | 8882 ||| UPGRADING to +1 cloak.
  8892 | D:7      | 8892 ||| DROPPING +0 cloak.
  8893 | D:7      | 8893 ||| READING 3 scrolls of identify.
  8893 | D:7      | 8893 ||| IDENTIFYING smoky inky potion
  8894 | D:7      | 8894 ||| DROPPING potion of berserk rage.
  8987 | D:8      | 8987 ||| Stepping ~*~*~tactically~*~*~ (hiding).
  9295 | D:8      | Found a staircase to the Lair.
  9297 | D:8      | 9297 ||| INVOKING Heroism.
  9320 | D:8      | 9320 ||| INVOKING Heroism.
  9327 | D:8      | 9327 ||| Stepping ~*~*~tactically~*~*~ (stealth).
  9329 | D:8      | 9329 ||| Stepping ~*~*~tactically~*~*~ (stealth).
  9452 | D:8      | Noticed a centaur warrior
  9453 | D:8      | 9453 ||| Stepping ~*~*~tactically~*~*~ (hiding).
  9454 | D:8      | 9454 ||| Stepping ~*~*~tactically~*~*~ (hiding).
  9463 | D:8      | Killed a centaur warrior
  9637 | D:8      | 9637 ||| Stepping ~*~*~tactically~*~*~ (hiding).
  9857 | D:8      | 9857 ||| PLANNING LAIR
  9857 | D:8      | 9857 ||| READING 2 scrolls of identify.
  9857 | D:8      | 9857 ||| IDENTIFYING fizzy emerald potion
  9872 | Lair:1   | Entered Level 1 of the Lair of Beasts
  9873 | Lair:1   | 9873 ||| PLANNING GAUNTLET
  9919 | Lair:1   | 9919 ||| INVOKING Heroism.
  9973 | Lair:1   | 9973 ||| INVOKING Heroism.
  9994 | Lair:1   | 9994 ||| Stepping ~*~*~tactically~*~*~ (water).
 10007 | Lair:1   | 10007 ||| INVOKING Heroism.
 10029 | Lair:1   | 10029 ||| INVOKING Heroism.
 10035 | Lair:1   | Reached skill level 5 in Shields
 10204 | Lair:1   | Found a gate leading to a gauntlet.
 10213 | Gauntlet | Entered a Gauntlet
 10213 | Gauntlet | Found a transporter.
 10221 | Gauntlet | Found a transporter.
 10223 | Gauntlet | Found a transporter.
 10237 | Gauntlet | Found a transporter.
 10244 | Gauntlet | Found a runed translucent door.
 10244 | Gauntlet | Noticed a hell hog
 10247 | Gauntlet | Found a transporter.
 10259 | Gauntlet | Noticed a balrug
 10261 | Gauntlet | Found a transporter.
 10276 | Gauntlet | Found a transporter.
 10280 | Gauntlet | Noticed a cacodemon
 10283 | Gauntlet | Found a transporter.
 10295 | Gauntlet | Found a transporter.
 10295 | Gauntlet | Found a transporter.
 10297 | Gauntlet | Found a transporter.
 10297 | Gauntlet | Noticed a sixfirhy
 10327 | Gauntlet | Found a transporter.
 10381 | Gauntlet | Found a transporter.
 10424 | Gauntlet | Found a transporter.
 10485 | Gauntlet | 10485 ||| INVOKING Heroism.
 10500 | Gauntlet | Reached **** piety under Okawaru
 10514 | Gauntlet | 10514 ||| UPGRADING to ring of resist corrosion.
 10536 | Gauntlet | Killed a sixfirhy
 10565 | Gauntlet | 10565 ||| READING scroll labelled MOAFUANLYC.
 10579 | Gauntlet | 10579 ||| Stepping randomly (stuck).
 10613 | Gauntlet | Noticed a minotaur
 10614 | Gauntlet | 10614 ||| INVOKING Heroism.
 10628 | Gauntlet | Killed a minotaur
 10696 | Gauntlet | 10696 ||| UPGRADING to +2 pair of gloves of hurling.
 10715 | Lair:1   | 10715 ||| PLANNING LAIR
 10724 | Lair:1   | Noticed Fannar
 10725 | Lair:1   | 10725 ||| Stepping ~*~*~tactically~*~*~ (hiding).
 10746 | Lair:1   | Killed Fannar
 10746 | Lair:1   | Reached ***** piety under Okawaru
 10746 | Lair:1   | Received a gift from Okawaru
 10819 | Lair:1   | 10819 ||| INVOKING Heroism.
 10828 | Lair:1   | Reached XP level 12. HP: 84/84 MP: 14/16
 11125 | Lair:1   | 11125 ||| READING scroll labelled QOLLOU ROCKE.
 11201 | Lair:2   | 11201 ||| Stepping ~*~*~tactically~*~*~ (stealth).
 11203 | Lair:2   | 11203 ||| INVOKING Heroism.
 11207 | Lair:2   | Reached skill level 6 in Invocations
 11455 | Lair:2   | 11455 ||| INVOKING Heroism.
 11472 | Lair:2   | 11472 ||| Stepping ~*~*~tactically~*~*~ (stealth).
 11515 | Lair:2   | 11515 ||| INVOKING Heroism.
 11629 | Lair:2   | 11629 ||| INVOKING Heroism.
 11680 | Lair:2   | Noticed a four-headed hydra
 11681 | Lair:2   | 11681 ||| INVOKING Heroism.
 11682 | Lair:2   | 11682 ||| INVOKING Finesse.
 11688 | Lair:2   | 11688 ||| SWAPPING to +1 war axe of flaming.
 11689 | Lair:2   | Killed a four-headed hydra
 11690 | Lair:2   | 11690 ||| SWAPPING to +7 war axe "Esojio" {vorpal, Contam
                  | *Noise +Blink rPois}.
 12027 | Lair:2   | You fall into a shaft and drop 1 floor!
 12042 | Lair:3   | Found a staircase to the Snake Pit.
 12043 | Lair:3   | 12043 ||| Stepping ~*~*~tactically~*~*~ (hiding).
 12049 | Lair:3   | 12049 ||| Stepping ~*~*~tactically~*~*~ (hiding).
 12050 | Lair:3   | 12050 ||| Stepping ~*~*~tactically~*~*~ (hiding).
 12052 | Lair:3   | 12052 ||| Stepping ~*~*~tactically~*~*~ (hiding).
 12053 | Lair:3   | 12053 ||| Stepping ~*~*~tactically~*~*~ (hiding).
 12098 | Lair:3   | 12098 ||| READING 2 scrolls labelled VIVUFEWIELL.
 12099 | Lair:3   | 12099 ||| DROPPING scroll of summoning.
 12216 | Lair:2   | 12216 ||| Stepping ~*~*~tactically~*~*~ (hiding).
 12218 | Lair:2   | 12218 ||| Stepping ~*~*~tactically~*~*~ (hiding).
 12244 | Lair:2   | Found a staircase to the Shoals.
 12385 | Lair:3   | 12385 ||| Stepping ~*~*~tactically~*~*~ (stealth).
 12395 | Lair:3   | Reached skill level 9 in Armour
 12520 | Lair:3   | 12520 ||| INVOKING Heroism.
 12521 | Lair:3   | 12521 ||| Stepping ~*~*~tactically~*~*~ (stealth).
 12558 | Lair:3   | 12558 ||| INVOKING Heroism.
 12670 | Lair:3   | 12670 ||| INVOKING Heroism.
 12677 | Lair:3   | Received a gift from Okawaru
 12754 | Lair:3   | Reached skill level 9 in Invocations
 12952 | Lair:3   | 12952 ||| Stepping ~*~*~tactically~*~*~ (stealth).
 12953 | Lair:3   | 12953 ||| INVOKING Heroism.
 13016 | Lair:3   | 13016 ||| INVOKING Heroism.
 13337 | Lair:4   | 13337 ||| INVOKING Heroism.
 13420 | Lair:4   | 13420 ||| INVOKING Heroism.
 13428 | Lair:4   | Noticed a catoblepas
 13428 | Lair:4   | 13428 ||| INVOKING Finesse.
 13438 | Lair:4   | Killed a catoblepas
 13439 | Lair:4   | Reached XP level 13. HP: 88/88 MP: 13/20
 13491 | Lair:4   | Received a gift from Okawaru
 13586 | Lair:4   | 13586 ||| Stepping ~*~*~tactically~*~*~ (hiding).
 13592 | Lair:4   | Reached skill level 12 in Axes
 13593 | Lair:4   | 13593 ||| INVOKING Heroism.
 13606 | Lair:4   | Reached skill level 6 in Shields
 13609 | Lair:4   | 13609 ||| INVOKING Finesse.
 13623 | Lair:4   | Reached ****** piety under Okawaru
 13746 | Lair:4   | 13746 ||| Stepping ~*~*~tactically~*~*~ (stealth).
 13752 | Lair:4   | 13752 ||| INVOKING Heroism.
 13765 | Lair:4   | Identified the +1 scale mail of Love and Death {+Blink Fly
                  | Slay-5} (Okawaru gifted it to you on level 4 of the Lair of
                  | Beasts)
 13765 | Lair:4   | Received a gift from Okawaru
 13831 | Lair:4   | Found a viscous altar of Jiyva.
 13832 | Lair:4   | Found a staircase to the Slime Pits.
 14029 | Lair:4   | 14029 ||| DRINKING 2 inky potions.
 14042 | Lair:5   | Entered Level 5 of the Lair of Beasts
 14043 | Lair:5   | 14043 ||| INVOKING Heroism.
 14045 | Lair:5   | 14045 ||| STAIRDANCE
 14057 | Lair:5   | 14057 ||| STAIRDANCE
 14101 | Lair:5   | 14101 ||| STAIRDANCE
 14115 | Lair:5   | 14115 ||| STAIRDANCE
 14130 | Lair:5   | 14130 ||| STAIRDANCE
 14132 | Lair:4   | 14132 ||| INVOKING Heroism.
 14192 | Lair:5   | 14192 ||| STAIRDANCE
 14226 | Lair:5   | 14226 ||| INVOKING Heroism.
 14304 | Lair:5   | 14304 ||| Stepping ~*~*~tactically~*~*~ (stealth).
 14306 | Lair:5   | 14306 ||| Stepping ~*~*~tactically~*~*~ (stealth).
 14354 | Lair:5   | 14354 ||| INVOKING Heroism.
 14355 | Lair:5   | 14355 ||| INVOKING Finesse.
 14424 | Lair:5   | 14424 ||| Stepping ~*~*~tactically~*~*~ (hiding).
 14429 | Lair:5   | 14429 ||| INVOKING Heroism.
 14430 | Lair:5   | 14430 ||| INVOKING Finesse.
 14508 | Lair:5   | 14508 ||| INVOKING Heroism.
 14509 | Lair:5   | 14509 ||| INVOKING Finesse.
 14521 | Lair:5   | Reached skill level 3 in Dodging
 14536 | Lair:5   | 14536 ||| Stepping ~*~*~tactically~*~*~ (hiding).
 14537 | Lair:5   | 14537 ||| INVOKING Finesse.
 14554 | Lair:5   | 14554 ||| INVOKING Heroism.
 14569 | Lair:5   | 14569 ||| Stepping ~*~*~tactically~*~*~ (stealth).
 14570 | Lair:5   | 14570 ||| Stepping ~*~*~tactically~*~*~ (stealth).
 14578 | Lair:5   | Received a gift from Okawaru
 14579 | Lair:5   | Gained mutation: Your large and strong wings let you fly.
                  | [Gargoyle growth]
 14579 | Lair:5   | Reached XP level 14. HP: 79/94 MP: 12/21
 14660 | Lair:5   | Identified the +1 robe of Dithmenos's Fury {-Cast +Inv
                  | Dex+4}
 14689 | Lair:5   | 14689 ||| INVOKING Heroism.
 14690 | Lair:5   | 14690 ||| INVOKING Finesse.
 14823 | Lair:5   | 14823 ||| INVOKING Heroism.
 14824 | Lair:5   | 14824 ||| INVOKING Finesse.
 14830 | Lair:5   | 14830 ||| SWAPPING to +1 war axe of flaming.
 14832 | Lair:5   | 14832 ||| SWAPPING to +7 war axe "Esojio" {vorpal, Contam
                  | *Noise +Blink rPois}.
 14836 | Lair:5   | Gained mutation: You sometimes lose your temper in combat.
                  | [mutagenic glow]
 14871 | Lair:5   | 14871 ||| DRINKING 5 potions of mutation.
 14871 | Lair:5   | Lost mutation: You are agile. (Dex +4, Str/Int -1) [potion
                  | of mutation]
 14871 | Lair:5   | Lost mutation: You passively dampen the noise of your
                  | surroundings. [potion of mutation]
 14871 | Lair:5   | Lost mutation: You are dopey. (Int -2) [potion of mutation]
 14871 | Lair:5   | Gained mutation: Your spells are a little easier to cast,
                  | but a little less powerful. [potion of mutation]
 14871 | Lair:5   | Gained mutation: Your spells are easier to cast, but less
                  | powerful. [potion of mutation]
 14871 | Lair:5   | Gained mutation: You occasionally lose the ability to drink
                  | potions when taking damage. [potion of mutation]
 14872 | Lair:5   | 14872 ||| DRINKING 4 potions of mutation.
 14872 | Lair:5   | Lost mutation: You sometimes lose your temper in combat.
                  | [potion of mutation]
 14872 | Lair:5   | Lost mutation: You occasionally lose the ability to drink
                  | potions when taking damage. [potion of mutation]
 14872 | Lair:5   | Lost mutation: You are covered in fur. (AC +1) [potion of
                  | mutation]
 14872 | Lair:5   | Gained mutation: You have sharp toenails. [potion of
                  | mutation]
 14872 | Lair:5   | Gained mutation: You have a somewhat thin skeletal
                  | structure. (Dex +2, Stealth+) [potion of mutation]
 14872 | Lair:5   | Gained mutation: You have razor-sharp toenails. [potion of
                  | mutation]
 14994 | Lair:5   | 14994 ||| Stepping ~*~*~tactically~*~*~ (hiding).
 15037 | Lair:5   | Reached skill level 7 in Shields
 15216 | Lair:5   | Found the +18 Lear's hauberk
 15390 | Lair:5   | 15390 ||| PLANNING D:1-11
 15390 | Lair:5   | 15390 ||| UPGRADING to +6 ring of dexterity.
 15392 | Lair:5   | 15392 ||| UPGRADING to ring of protection from cold.
 15394 | Lair:5   | 15394 ||| UPGRADING to +6 ring of dexterity.
 15437 | Lair:3   | Identified the +5 tower shield of Orthodoxy {rCorr}
                  | (Okawaru gifted it to you on level 3 of the Lair of Beasts)
 15437 | Lair:3   | Received a gift from Okawaru
 15460 | Lair:3   | 15460 ||| UPGRADING to +5 tower shield of Orthodoxy
                  | {rCorr}.
 15470 | Lair:3   | 15470 ||| DROPPING +0 buckler.
 15558 | D:9      | 15558 ||| Stepping ~*~*~tactically~*~*~ (stealth).
 15568 | D:9      | 15568 ||| INVOKING Heroism.
 15602 | D:9      | 15602 ||| Stepping ~*~*~tactically~*~*~ (hiding).
 15690 | D:9      | Found Wicsorea's Book Boutique.
 15941 | D:9      | Found an ancient bone altar of Kikubaaqudgha.
 16103 | D:9      | 16103 ||| INVOKING Heroism.
 16160 | D:10     | Entered Level 10 of the Dungeon
 16161 | D:10     | 16161 ||| INVOKING Heroism.
 16273 | D:10     | 16273 ||| INVOKING Heroism.
 16274 | D:10     | 16274 ||| DROPPING ring of ice.
 16290 | D:10     | 16290 ||| DRINKING 5 potions of curing.
 16290 | D:10     | 16290 ||| (to cure confusion)
 16320 | D:10     | Reached skill level 8 in Shields
 16343 | D:10     | 16343 ||| INVOKING Heroism.
 16358 | D:10     | Found a staircase to the Orcish Mines.
 16734 | D:10     | 16734 ||| Stepping ~*~*~tactically~*~*~ (hiding).
 16738 | D:10     | 16738 ||| INVOKING Heroism.
 17018 | D:10     | Found a transporter.
 17019 | D:10     | Found a transporter.
 17122 | D:11     | 17122 ||| Stepping ~*~*~tactically~*~*~ (hiding).
 17166 | D:11     | Found Eraaxzua's Armour Shoppe.
 17317 | D:11     | Reached skill level 9 in Shields
 17357 | D:11     | 17357 ||| INVOKING Heroism.
 17388 | D:11     | Found Suskis's Antique Weapon Shoppe.
 17444 | D:11     | 17444 ||| INVOKING Heroism.
 17445 | D:11     | 17445 ||| SWAPPING to +1 war axe of flaming.
 17450 | D:11     | 17450 ||| SWAPPING to +7 war axe "Esojio" {vorpal, Contam
                  | *Noise +Blink rPois}.
 17465 | D:11     | Gained mutation: You are dopey. (Int -2) [mutagenic glow]
 17535 | D:11     | 17535 ||| Stepping ~*~*~tactically~*~*~ (stealth).
 17536 | D:11     | 17536 ||| Stepping ~*~*~tactically~*~*~ (stealth).
 17536 | D:11     | Found Dybategi's Jewellery Boutique.
 17604 | D:11     | 17604 ||| BUYING amulet of reflection (420 gold).
 17604 | D:11     | Bought an amulet of reflection for 420 gold pieces
 17604 | D:11     | 17604 ||| BUYING ring of the Traitor {Fire rElec rPois rN++
                  | Dex-2} (693 gold).
 17604 | D:11     | Bought the ring of the Traitor {Fire rElec rPois rN++
                  | Dex-2} for 693 gold pieces
 17752 | D:11     | 17752 ||| INVOKING Heroism.
 17753 | D:11     | 17753 ||| INVOKING Finesse.
 17829 | D:11     | 17829 ||| INVOKING Heroism.
 17850 | D:11     | Reached skill level 10 in Shields
 17900 | D:11     | Identified the +3 mace of the Egg {vorpal, Dex+3}
 17915 | D:11     | Found Adaff's Weapon Emporium.
 17918 | D:11     | Found a runed translucent gate.
 17919 | D:11     | Found a runed translucent gate.
 17919 | D:11     | Found a runed translucent gate.
 18130 | D:11     | 18130 ||| PLANNING D
 18130 | D:11     | 18130 ||| DROPPING amulet of the acrobat.
 18131 | D:11     | 18131 ||| UPGRADING to amulet of reflection.
 18141 | D:11     | 18141 ||| DROPPING amulet of regeneration.
 18142 | D:11     | 18142 ||| READING scroll labelled SOUMEA SEKELO.
 18155 | D:12     | 18155 ||| Stepping ~*~*~tactically~*~*~ (hiding).
 18157 | D:12     | 18157 ||| Stepping ~*~*~tactically~*~*~ (hiding).
 18159 | D:12     | Noticed Sonja
 18173 | D:12     | Killed Sonja
 18181 | D:12     | Found Ogiafisa's Armour Emporium.
 18182 | D:12     | Noticed Maurice
 18199 | D:12     | Killed Maurice
 18212 | D:12     | Reached skill level 11 in Shields
 18232 | D:12     | 18232 ||| SHOPLISTING +1 plate armour of the Evil One
                  | {*Corrode Str+4} (491 gold, have 244).
 18267 | D:12     | Found a portal to a secret trove of treasure.
 18370 | D:12     | 18370 ||| Stepping ~*~*~tactically~*~*~ (stealth).
 18485 | D:12     | Found a white marble altar of Elyvilon.
 18531 | D:12     | 18531 ||| Stepping ~*~*~tactically~*~*~ (stealth).
 18536 | D:12     | 18536 ||| Stepping ~*~*~tactically~*~*~ (stealth).
 18542 | D:12     | 18542 ||| Stepping ~*~*~tactically~*~*~ (stealth).
 18650 | D:12     | Noticed Lodul
 18651 | D:12     | 18651 ||| Stepping ~*~*~tactically~*~*~ (hiding).
 18663 | D:12     | Killed Lodul
 18851 | D:12     | 18851 ||| DROPPING ring of positive energy.
 18852 | D:12     | 18852 ||| UPGRADING to +4 ring of protection.
 18854 | D:12     | 18854 ||| UPGRADING to ring of protection from cold.
 19089 | D:13     | Reached skill level 12 in Shields
 19124 | D:13     | Found a frozen archway.
 19131 | D:13     | Received a gift from Okawaru
 19171 | D:13     | 19171 ||| Stepping ~*~*~tactically~*~*~ (hiding).
 19173 | D:13     | 19173 ||| Stepping ~*~*~tactically~*~*~ (hiding).
 19178 | D:13     | 19178 ||| INVOKING Heroism.
 19410 | D:13     | 19410 ||| INVOKING Heroism.
 19420 | D:13     | 19420 ||| Stepping ~*~*~tactically~*~*~ (stealth).
 19421 | D:13     | 19421 ||| Stepping ~*~*~tactically~*~*~ (stealth).
 19431 | D:13     | Received a gift from Okawaru
 19441 | D:13     | Reached XP level 15. HP: 99/99 MP: 22/22
 19448 | D:13     | 19448 ||| Stepping ~*~*~tactically~*~*~ (hiding).
 19451 | D:13     | 19451 ||| Stepping ~*~*~tactically~*~*~ (hiding).
 19468 | D:13     | 19468 ||| Stepping ~*~*~tactically~*~*~ (hiding).
 19482 | D:13     | Reached skill level 13 in Shields
 19486 | Abyss:3  | Cast into level 3 of the Abyss (a wizard)
 19511 | Abyss:3  | 19511 ||| Stepping ~*~*~tactically~*~*~ (stealth).
 19512 | Abyss:3  | 19512 ||| Stepping ~*~*~tactically~*~*~ (stealth).
 19617 | Abyss:3  | 19617 ||| Stepping ~*~*~tactically~*~*~ (hiding).
 19620 | Abyss:3  | Noticed a cacodemon
 19625 | Abyss:3  | 19625 ||| INVOKING Heroism.
 19626 | Abyss:3  | 19626 ||| DRINKING 5 potions of curing.
 19626 | Abyss:3  | 19626 ||| (to cure confusion)
 19631 | Abyss:3  | Killed a cacodemon
 19633 | Abyss:3  | Noticed a bone dragon
 19649 | Abyss:3  | Reached skill level 14 in Shields
 19657 | Abyss:3  | 19657 ||| INVOKING Heroism.
 19663 | Abyss:3  | HP: 21/99 [bone dragon (11)]
 19664 | Abyss:3  | 19664 ||| READING 9 scrolls of teleportation.
 19664 | Abyss:3  | HP: 9/99 [bone dragon (12)]
 19665 | Abyss:3  | 19665 ||| DRINKING 4 potions of heal wounds.
 19669 | Abyss:3  | Killed a bone dragon
 19672 | Abyss:3  | Identified the +0 pair of boots "Vioniom" {Fly Str+2}
                  | (Okawaru gifted it to you on level 3 of the Abyss)
 19672 | Abyss:3  | Received a gift from Okawaru
 19711 | Abyss:3  | 19711 ||| INVOKING Heroism.
 19802 | Abyss:3  | 19802 ||| INVOKING Heroism.
 19851 | Abyss:3  | 19851 ||| Stepping ~*~*~tactically~*~*~ (stealth).
 19863 | Abyss:3  | 19863 ||| Stepping ~*~*~tactically~*~*~ (stealth).
 19865 | Abyss:3  | 19865 ||| INVOKING Heroism.
 19887 | Abyss:3  | 19887 ||| Stepping ~*~*~tactically~*~*~ (hiding).
 19895 | Abyss:3  | Reached skill level 15 in Shields
 19897 | D:13     | Escaped the Abyss
 19908 | D:13     | 19908 ||| FLEEEEING.
 19909 | D:13     | 19909 ||| FLEEEEING.
 19910 | D:13     | 19910 ||| FLEEEEING.
 19911 | D:13     | 19911 ||| FLEEEEING.
 19916 | D:13     | 19916 ||| FLEEEEING.
 19916 | D:13     | HP: 1/99 [something/fireball (38)]
 19917 | D:13     | 19917 ||| FLEEEEING.
 19918 | D:13     | 19918 ||| FLEEEEING.
 19919 | D:13     | 19919 ||| FLEEEEING.
 19920 | D:13     | 19920 ||| FLEEEEING.
 19924 | D:13     | 19924 ||| STAIRDANCE
 20396 | D:13     | Found a runed translucent door.
 20397 | D:13     | 20397 ||| INVOKING Heroism.
 20736 | D:13     | 20736 ||| Stepping ~*~*~tactically~*~*~ (stealth).
 20748 | Abyss:3  | Cast into level 3 of the Abyss (a wizard)
 20749 | Abyss:3  | Noticed a tentacled starspawn
 20753 | Abyss:3  | 20753 ||| INVOKING Heroism.
 20756 | Abyss:3  | Killed a tentacled starspawn
 20760 | Abyss:3  | Paralysed by accursed screaming for 2 turns
 20777 | Abyss:3  | Noticed a tentacled starspawn
 20780 | Abyss:3  | Noticed a lich
 20781 | Abyss:3  | 20781 ||| INVOKING Finesse.
 20781 | Abyss:3  | Noticed a tentacled starspawn
 20782 | Abyss:3  | Noticed a red draconian scorcher
 20787 | Abyss:3  | Killed a tentacled starspawn
 20789 | Abyss:3  | 20789 ||| Stepping ~*~*~tactically~*~*~ (cloud).
 20795 | Abyss:3  | Killed a tentacled starspawn
 20799 | Abyss:3  | Killed a lich
 20808 | Abyss:3  | Killed a red draconian scorcher
 20808 | Abyss:3  | Noticed a tentacled starspawn
 20808 | Abyss:3  | HP: 18/99 [starcursed mass/accursed screaming (12)]
 20809 | Abyss:3  | Reached skill level 16 in Shields
 20809 | Abyss:3  | 20809 ||| READING 8 scrolls of teleportation.
 20810 | Abyss:3  | 20810 ||| DRINKING 3 potions of heal wounds.
 20813 | Abyss:3  | 20813 ||| DRINKING 2 potions of heal wounds.
 20817 | Abyss:3  | 20817 ||| INVOKING Heroism.
 20817 | Abyss:3  | HP: 21/99 [wretched star/lance of force (12)]
 20818 | Abyss:3  | 20818 ||| DRINKING potion of heal wounds.
 20962 | Abyss:3  | 20962 ||| Stepping ~*~*~tactically~*~*~ (stealth).
 20965 | Abyss:3  | 20965 ||| INVOKING Heroism.
 20968 | Abyss:3  | 20968 ||| Stepping ~*~*~tactically~*~*~ (stealth).
 20978 | Abyss:3  | Identified the +1 hat "Akuh" {Slay+2} (Okawaru gifted it to
                  | you on level 3 of the Abyss)
 20978 | Abyss:3  | Received a gift from Okawaru
 20981 | D:13     | Escaped the Abyss
 21248 | D:13     | Found a gate to the Vaults.
 21679 | D:13     | Noticed a fire giant
 21682 | D:13     | 21682 ||| DROPPING ring of magical power.
 21721 | D:14     | Reached XP level 16. HP: 104/104 MP: 23/23
 21728 | D:14     | 21728 ||| Stepping ~*~*~tactically~*~*~ (hiding).
 21729 | D:14     | 21729 ||| INVOKING Heroism.
 21743 | D:14     | 21743 ||| Stepping ~*~*~tactically~*~*~ (hiding).
 21746 | D:14     | 21746 ||| Stepping ~*~*~tactically~*~*~ (hiding).
 21748 | D:14     | 21748 ||| Stepping ~*~*~tactically~*~*~ (hiding).
 21749 | D:14     | 21749 ||| STAIRDANCE
 21899 | D:13     | 21899 ||| INVOKING Heroism.
 21900 | D:13     | 21900 ||| INVOKING Finesse.
 21904 | D:13     | 21904 ||| SWAPPING to +1 war axe of flaming.
 21906 | D:13     | Gained mutation: You occasionally lose the ability to read
                  | scrolls when taking damage. [mutagenic glow]
 21911 | D:13     | HP: 19/104 [fire giant/fireball (65)]
 21912 | D:13     | 21912 ||| READING 7 scrolls of teleportation.
 21913 | D:13     | 21913 ||| DRINKING potion of heal wounds.
 21917 | D:13     | 21917 ||| SWAPPING to +7 war axe "Esojio" {vorpal, Contam
                  | *Noise +Blink rPois}.
 22137 | D:13     | 22137 ||| DRINKING 4 potions of mutation.
 22137 | D:13     | Lost mutation: Your spells are easier to cast, but less
                  | powerful. [potion of mutation]
 22137 | D:13     | Lost mutation: You have a somewhat thin skeletal structure.
                  | (Dex +2, Stealth+) [potion of mutation]
 22137 | D:13     | Lost mutation: Your spells are a little easier to cast, but
                  | a little less powerful. [potion of mutation]
 22137 | D:13     | Gained mutation: Your muscles are strong. (Str +4, Int/Dex
                  | -1) [potion of mutation]
 22137 | D:13     | Gained mutation: You occasionally lose the ability to drink
                  | potions when taking damage. [potion of mutation]
 22137 | D:13     | Gained mutation: You are somewhat resistant to further
                  | mutation. [potion of mutation]
 22138 | D:13     | 22138 ||| DRINKING 3 potions of mutation.
 22138 | D:13     | Lost mutation: Your muscles are strong. (Str +4, Int/Dex
                  | -1) [potion of mutation]
 22138 | D:13     | Lost mutation: You have razor-sharp toenails. [potion of
                  | mutation]
 22138 | D:13     | Lost mutation: You are somewhat resistant to further
                  | mutation. [potion of mutation]
 22138 | D:13     | Gained mutation: You are frail. (-10% HP) [potion of
                  | mutation]
 22139 | D:13     | 22139 ||| DRINKING 2 potions of mutation.
 22139 | D:13     | Lost mutation: You are frail. (-10% HP) [potion of
                  | mutation]
 22139 | D:13     | Lost mutation: You occasionally lose the ability to read
                  | scrolls when taking damage. [potion of mutation]
 22139 | D:13     | Gained mutation: You have hidden genetic potential. [potion
                  | of mutation]
 22139 | D:13     | Gained mutation: You are very dopey. (Int -4) [potion of
                  | mutation]
 22178 | D:13     | 22178 ||| DRINKING potion of mutation.
 22178 | D:13     | Lost mutation: You have sharp toenails. [potion of
                  | mutation]
 22178 | D:13     | Lost mutation: You have hidden genetic potential. [potion
                  | of mutation]
 22178 | D:13     | Lost mutation: You are very dopey. (Int -4) [potion of
                  | mutation]
 22178 | D:13     | Gained mutation: You do not regenerate when monsters are
                  | visible. [potion of mutation]
 22178 | D:13     | Gained mutation: You are weak. (Str -2) [potion of
                  | mutation]
 22178 | D:13     | Gained mutation: You have sharp fingernails. [potion of
                  | mutation]
 22178 | D:13     | Gained mutation: You are covered in fur. (AC +1) [potion of
                  | mutation]
 22243 | D:13     | 22243 ||| INVOKING Heroism.
 22259 | D:13     | 22259 ||| Stepping ~*~*~tactically~*~*~ (stealth).
 22260 | D:13     | 22260 ||| Stepping ~*~*~tactically~*~*~ (stealth).
 22315 | D:14     | 22315 ||| INVOKING Heroism.
 22328 | D:14     | Found Xofaoxuh's Magic Scroll Emporium.
 22341 | D:14     | 22341 ||| BUYING 3 scrolls of identify (114 gold).
 22341 | D:14     | Bought 3 scrolls of identify for 114 gold pieces
 22341 | D:14     | 22341 ||| BUYING scroll of blinking (142 gold).
 22341 | D:14     | Bought a scroll of blinking for 142 gold pieces
 22341 | D:14     | 22341 ||| BUYING scroll of enchant armour (142 gold).
 22341 | D:14     | Bought a scroll of enchant armour for 142 gold pieces
 22341 | D:14     | 22341 ||| BUYING scroll of enchant armour (142 gold).
 22341 | D:14     | Bought a scroll of enchant armour for 142 gold pieces
 22341 | D:14     | 22341 ||| BUYING scroll of teleportation (57 gold).
 22341 | D:14     | Bought a scroll of teleportation for 57 gold pieces
 22341 | D:14     | 22341 ||| READING 2 scrolls of enchant armour.
 22341 | D:14     | 22341 ||| ENCHANTING +1 helmet.
 22342 | D:14     | 22342 ||| READING scroll of enchant armour.
 22342 | D:14     | 22342 ||| ENCHANTING +0 pair of boots.
 22354 | D:14     | 22354 ||| Stepping ~*~*~tactically~*~*~ (stealth).
 22356 | D:14     | 22356 ||| INVOKING Heroism.
 22363 | D:14     | 22363 ||| READING 7 scrolls of teleportation.
 22366 | D:14     | Reached skill level 6 in Throwing
 22367 | D:14     | 22367 ||| READING 6 scrolls of teleportation.
 22371 | D:14     | Found Joag's Antique Armour Shoppe.
 22371 | D:14     | Noticed Azrael
 22372 | D:14     | 22372 ||| INVOKING Finesse.
 22380 | D:14     | Killed Azrael
 22607 | D:14     | 22607 ||| BUYING pair of runed gloves (165 gold).
 22607 | D:14     | Bought a pair of runed gloves for 165 gold pieces
 22607 | D:14     | 22607 ||| SHOPLISTING shiny plate armour (572 gold, have
                  | 34).
 22678 | D:14     | 22678 ||| Stepping ~*~*~tactically~*~*~ (stealth).
 22689 | D:14     | 22689 ||| INVOKING Heroism.
 22738 | D:14     | Found a sparkling altar of Nemelex Xobeh.
 22840 | D:14     | Found Zanugegh's Magic Scroll Shop.
 22848 | D:14     | 22848 ||| SHOPLISTING scroll of acquirement (988 gold, have
                  | 58).
 22848 | D:14     | 22848 ||| BUYING scroll of teleportation (57 gold).
 22848 | D:14     | Bought a scroll of teleportation for 57 gold pieces
 22911 | D:14     | Found Exaixut's Antique Weapon Shoppe.
 22921 | D:14     | 22921 ||| INVOKING Heroism.
 22926 | D:14     | Noticed Nessos
 22927 | D:14     | 22927 ||| INVOKING Finesse.
 22928 | D:14     | 22928 ||| INVOKING Finesse.
 22942 | D:14     | Killed Nessos
 22943 | D:14     | Reached skill level 15 in Axes
 23318 | D:14     | Found Pucyd's Assorted Antiques.
 23323 | D:14     | 23323 ||| SHOPLISTING 3 scrolls of blinking (855 gold, have
                  | 20).
 23415 | D:14     | 23415 ||| DROPPING +1 pair of gloves of infusion.
 23416 | D:14     | 23416 ||| READING scroll labelled BOJETS DEFEMYMU.
 23438 | D:15     | Entered Level 15 of the Dungeon
 23490 | D:15     | 23490 ||| Stepping ~*~*~tactically~*~*~ (hiding).
 23491 | D:15     | 23491 ||| Stepping ~*~*~tactically~*~*~ (hiding).
 23523 | D:15     | 23523 ||| Stepping ~*~*~tactically~*~*~ (stealth).
 23524 | D:15     | 23524 ||| Stepping ~*~*~tactically~*~*~ (stealth).
 23528 | D:15     | 23528 ||| Stepping ~*~*~tactically~*~*~ (stealth).
 23529 | D:15     | 23529 ||| Stepping ~*~*~tactically~*~*~ (stealth).
 23530 | D:15     | 23530 ||| Stepping ~*~*~tactically~*~*~ (stealth).
 23533 | D:15     | 23533 ||| Stepping ~*~*~tactically~*~*~ (stealth).
 23534 | D:15     | 23534 ||| INVOKING Heroism.
 23624 | D:15     | 23624 ||| INVOKING Heroism.
 23654 | D:15     | Found a staircase to the Depths.
 23670 | D:15     | 23670 ||| Stepping ~*~*~tactically~*~*~ (stealth).
 23674 | D:15     | 23674 ||| INVOKING Heroism.
 23696 | D:15     | Received a gift from Okawaru
 23697 | D:15     | Reached skill level 12 in Armour
 23803 | D:15     | 23803 ||| FLEEEEING.
 23808 | D:15     | 23808 ||| Stepping ~*~*~tactically~*~*~ (hiding).
 23810 | D:15     | 23810 ||| INVOKING Heroism.
 23965 | D:15     | 23965 ||| Stepping ~*~*~tactically~*~*~ (stealth).
 23966 | D:15     | 23966 ||| Stepping ~*~*~tactically~*~*~ (stealth).
 24090 | D:15     | 24090 ||| READING scroll of enchant armour.
 24090 | D:15     | 24090 ||| ENCHANTING +1 pair of boots.
 24461 | D:15     | 24461 ||| Stepping randomly (disturbance).
 24462 | D:15     | 24462 ||| Stepping randomly (disturbance).
 24463 | D:15     | 24463 ||| Stepping randomly (disturbance).
 24512 | D:15     | 24512 ||| PLANNING ORC
 24637 | Orc:1    | Entered Level 1 of the Orcish Mines
 24682 | Orc:1    | 24682 ||| INVOKING Heroism.
 24770 | Orc:2    | Entered Level 2 of the Orcish Mines
 24771 | Orc:2    | 24771 ||| Stepping ~*~*~tactically~*~*~ (hiding).
 24772 | Orc:2    | 24772 ||| Stepping ~*~*~tactically~*~*~ (hiding).
 24782 | Orc:2    | 24782 ||| Stepping ~*~*~tactically~*~*~ (hiding).
 24788 | Orc:2    | 24788 ||| Stepping ~*~*~tactically~*~*~ (stealth).
 24865 | Orc:2    | 24865 ||| Stepping ~*~*~tactically~*~*~ (hiding).
 24879 | Orc:2    | 24879 ||| INVOKING Heroism.
 24882 | Orc:2    | 24882 ||| Stepping ~*~*~tactically~*~*~ (stealth).
 24896 | Orc:2    | 24896 ||| Stepping ~*~*~tactically~*~*~ (stealth).
 24903 | Orc:2    | 24903 ||| INVOKING Finesse.
 24941 | Orc:2    | 24941 ||| INVOKING Heroism.
 24950 | Orc:2    | HP: 26/104 [orc high priest/nerve-wracking pain (5)]
 24951 | Orc:2    | 24951 ||| READING 6 scrolls of teleportation.
 24958 | Orc:2    | HP: 15/104 [orc priest/divine providence (11)]
 24959 | Orc:2    | 24959 ||| Stepping ~*~*~tactically~*~*~ (hiding).
 24969 | Orc:2    | 24969 ||| FLEEEEING.
 24970 | Orc:2    | 24970 ||| FLEEEEING.
 24971 | Orc:2    | 24971 ||| FLEEEEING.
 24972 | Orc:2    | 24972 ||| READING 5 scrolls of teleportation.
 25020 | Orc:2    | 25020 ||| INVOKING Heroism.
 25023 | Orc:2    | HP: 17/104 [orc priest/divine providence (12)]
 25024 | Orc:2    | 25024 ||| READING 4 scrolls of teleportation.
 25097 | Orc:2    | 25097 ||| FLEEEEING.
 25098 | Orc:2    | 25098 ||| INVOKING Heroism.
 25100 | Orc:2    | 25100 ||| FLEEEEING.
 25101 | Orc:2    | 25101 ||| FLEEEEING.
 25102 | Orc:2    | 25102 ||| FLEEEEING.
 25104 | Orc:2    | HP: 26/104 [orc priest/divine providence (11)]
 25105 | Orc:2    | 25105 ||| READING 3 scrolls of teleportation.
 25118 | Orc:2    | HP: 25/104 [orc warrior/+0 trident (2)]
 25119 | Orc:2    | 25119 ||| READING 2 scrolls of teleportation.
 25122 | Orc:2    | HP: 11/104 [orc high priest/divine providence (14)]
 25124 | Orc:2    | 25124 ||| READING scroll of teleportation.
 25126 | Orc:2    | Killed from afar by an orc priest

Levels and vault maps discovered:
D:1:      dpeg_arrival_three_smaller_balls, layout_basic,
          shapermc_ecumenical_altar_mp_ritualfount,
          chequers_serial_rivers_micro_e
D:2:      layout_loops_corners
D:3:      cheibrodos_pilgrimage, layout_loops_ring, slow_altar_1,
          ebering_ghost_inner_flame, minmay_stone_trees_large
D:4:      layout_loops_cross, nicolae_ashenzari_skybound,
          grunt_temple_overflow_open, serial_aquarium,
          aquarium_bridge_island_small [aquarium_subvault_small_water,
          aquarium_subvault_wall, aquarium_subvault_window,
          aquarium_subvault_balcony, aquarium_subvault_bridge],
          aquarium_window_fake, aquarium_window_corridor_3, aquarium_view_2d,
          aquarium_view_2e, aquarium_pool_2, uniq_pikel
D:5:      kennysheep_big_flooded_room, layout_cave_pods,
          nicolae_gozag_cash_rules_everything_around_me,
          minmay_temple_entry_junction, kennysheep_donut,
          minmay_misc_feat_four_crosses, doesnt_shop_hydraphobe
D:6:      layout_gridville, mainiacjoe_overflow_surrounded_room,
          mainiacjoe_overflow_catwalk_spiral, minmay_manual_monolith
D:7:      layout_layer_cave, xom_butterflies,
          mainiacjoe_overflow_concentric_impassable, serial_demonic,
          serial_demonic_c, serial_demonic_d, serial_demonic_a, serial_demonic_c
D:8:      layout_basic, david_lair_shrubbed, serial_shops, shop
D:9:      layout_gridville, mainiacjoe_overflow_alcove_1,
          lemuel_zombie_altar_kikubaaqudgha, serial_shops, shop
D:10:     gammafunk_boulding_lane, layout_loops_corners, david_orc_3,
          chequers_serial_rivers_room_b, kennysheep_island_fort
D:11:     layout_stronghold, serial_shops, nicolae_shop_bloodbath_and_beyond,
          nicolae_shop_overgrown_old_shop, nicolae_stop_n_shop_1,
          nicolae_shop_window_shopping,
          ploomutoo_gammafunk_ghost_potion_laboratory, minmay_quadrilaterals
D:12:     layout_rooms, serial_shops, shop, nicolae_trove_entry_diagonal,
          nicolae_elyvilon_temple_path, uniq_lodul, uniq_sonja, uniq_maurice
D:13:     layout_stronghold, grunt_vaults_entry_tiered, portal_ice_cave_rime,
          minivault_13
D:14:     layout_irregular_city, serial_shops, nicolae_shop_stone,
          nicolae_lakefront_shop, nicolae_shop_hallway_plus,
          nicolae_shop_statue_plus, nicolae_shop_stone,
          nemelex_lonely_heart_becter, hangedman_abyss_or_decor_lesser_grid,
          uniq_nessos, uniq_azrael
D:15:     hangedman_depths_entry_civil_slaughter, layout_gridville
Temple:   hellmonk_temple_flake
Lair:1:   layout_gridlike, gauntlet_entry_generic,
          hangedman_lair_unloving_vines, pond, grunt_megastairs_2,
          serial_bayou_shore_a, serial_bayou_shore_b, uniq_fannar
Lair:2:   layout_hall_layers, minmay_shoals_entry_lonely_mermaid,
          lemuel_old_faithful
Lair:3:   layout_cave_pods, guppyfry_snake_entry_island,
          cheibrodos_lair_lostbears, infiniplex_staircase_pool
Lair:4:   layout_roguey, dpeg_slime_entry_enclosed, special_room
          [special_room_mythical_zoo]
Lair:5:   evilmike_catoblepas_cave, layout_long_grid, serial_bayou,
          serial_bayou_pond_a, serial_bayou_pond_c, serial_bayou_lagoon_a,
          serial_bayou_pond_d
Orc:1:    layout_caves, okawaru_metal_pillars_1_2, uniq_erica
Orc:2:    st_orc_town, layout_diamond_mine, ebering_ghost_xom

Skill      XL: |  1  2  3  4  5  6  7  8  9 10 11 12 13 14 15 16 |
---------------+-------------------------------------------------+-----
Axes           | 2 3 4 5 7 8 9 10 11 13 14 15 | 15.7
Dodging        | 1 2 3 |  3.0
Fighting       | 4 6 13 | 13.4
Throwing       | 1 3 4 5 6 |  6.0
Armour         | 4 6 7 9 10 11 12 | 12.0
Invocations    | 2 4 5 9 10 | 10.0
Shields        | 4 5 6 12 16 | 16.3

Action                   |  1- 3 |  4- 6 |  7- 9 | 10-12 | 13-15 | 16-18 || total
-------------------------+-------+-------+-------+-------+-------+-------++-------
Melee: War axe           |   120 |   214 |   163 |   368 |   840 |   306 ||  2011
Throw: Boomerang         |       |    31 |    29 |    48 |    27 |       ||   135
       Javelin           |       |       |       |    52 |   114 |    43 ||   209
Invok: Heroism           |       |       |     6 |    29 |    32 |    16 ||    83
       Finesse           |       |       |       |     2 |     9 |     4 ||    15
  Use: Scroll            |     3 |     8 |     5 |     7 |     3 |    13 ||    39
       Potion            |       |     2 |     5 |       |     9 |     5 ||    21
 Stab: Distracted        |       |     1 |       |       |       |       ||     1
Armor: Scale mail        |    67 |    77 |       |       |       |       ||   144
       Chain mail        |       |    62 |    34 |       |       |       ||    96
       Plate armour      |       |       |    88 |   212 |   310 |    71 ||   681
Dodge: Dodged            |    59 |    80 |    61 |   112 |   109 |    20 ||   441
Block: Buckler           |    25 |    26 |    33 |    95 |    32 |       ||   211
       Tower shield      |       |       |       |       |   685 |   243 ||   928
       Reflection        |       |       |       |       |    20 |     2 ||    22

Table legend:
 A = Non-vault XP
 B = Vault XP
 C = Vault XP percentage of total XP
 D = Non-vault monster count
 E = Vault monster count
 F = Vault count percentage of total count
                 A         B        C        D         E       F
            +---------+---------+-------+---------+---------+-------
      Total |  100493 |   57852 |  36.5 |     494 |     194 |  28.2
            +---------+---------+-------+---------+---------+-------
        D:1 |      74 |       0 |   0.0 |      41 |       0 |   0.0
        D:2 |      45 |       0 |   0.0 |      18 |       0 |   0.0
        D:3 |      54 |      91 |  62.8 |      19 |       7 |  26.9
        D:4 |     199 |     685 |  77.5 |      28 |       1 |   3.4
        D:5 |     724 |     332 |  31.4 |      23 |       2 |   8.0
        D:6 |     896 |     321 |  26.4 |      12 |       4 |  25.0
        D:7 |     725 |     106 |  12.8 |      19 |       7 |  26.9
        D:8 |    3005 |     322 |   9.7 |      25 |       1 |   3.8
        D:9 |    2801 |       3 |   0.1 |      33 |       2 |   5.7
       D:10 |    2143 |    1298 |  37.7 |      26 |       9 |  25.7
       D:11 |    7609 |    1812 |  19.2 |      20 |       4 |  16.7
       D:12 |    2932 |    3098 |  51.4 |      14 |      12 |  46.2
       D:13 |   10543 |   11998 |  53.2 |      19 |      31 |  62.0
       D:14 |    5681 |    2982 |  34.4 |      13 |       8 |  38.1
       D:15 |   13122 |    4280 |  24.6 |      23 |       6 |  20.7
     Lair:1 |    1474 |    1444 |  49.5 |       9 |       4 |  30.8
     Lair:2 |    5839 |     498 |   7.9 |      22 |       1 |   4.3
     Lair:3 |    3617 |    1324 |  26.8 |      19 |       5 |  20.8
     Lair:4 |    9100 |    3897 |  30.0 |      31 |      15 |  32.6
     Lair:5 |    6422 |   10913 |  63.0 |      21 |      23 |  52.3
      Orc:1 |     208 |       0 |   0.0 |       8 |       0 |   0.0
      Orc:2 |    1269 |    3451 |  73.1 |      15 |      40 |  72.7
    Abyss:3 |   20927 |    7117 |  25.4 |      32 |       5 |  13.5
   Gauntlet |    1084 |    1880 |  63.4 |       4 |       7 |  63.6
            +---------+---------+-------+---------+---------+-------
